 Dungeon Crawl Stone Soup version 0.29-a0-333-gb4c28e87c6 (webtiles) character file.

Game seed: 9706467461172346001

127 Jortsu the Shield-Bearer (level 4, -4/35 HPs)
             Began as a Demonspawn Fighter on Apr 13, 2022.
             Was a Believer of Lugonu.
             Slain by an orc
             ... wielding a +0 hand axe
              (6 damage)
             ... on level 4 of the Dungeon.
             The game lasted 00:03:33 (2650 turns).

Jortsu the Shield-Bearer (Demonspawn Fighter)       Turns: 2650, Time: 00:03:34

Health: -4/35      AC:  9    Str: 18    XL:     4   Next: 85%
Magic:  4/4        EV:  7    Int:  9    God:    Lugonu [**....]
Gold:   249        SH: 10    Dex: 13    Spells: 3/3 levels left

rFire   . . .      SeeInvis .   a - +0 war axe
rCold   . . .      Faith    .   o - +2 kite shield
rNeg    . . .      Spirit   .   b - +0 scale mail
rPois   .          Reflect  .   j - +0 helmet
rElec   .          Harm     .   (no cloak)
rCorr   .          Rampage  .   (no gloves)
Will    .....                   h - +0 pair of boots
Stlth   ..........              (no amulet)
HPRegen 0.11/turn               (no ring)
MPRegen 0.18/turn               (no ring)

@: no status effects
A: magic regeneration, condensation shield
a: Renounce Religion, Depart the Abyss, Bend Space


You were on level 4 of the Dungeon.
You worshipped Lugonu.
Lugonu was pleased with you.
You visited 1 branch of the dungeon, and saw 4 of its levels.

You collected 249 gold pieces.

Inventory:

Hand Weapons
 a - a +0 war axe (weapon)
Armour
 b - a +0 scale mail (worn)
 h - a +0 pair of boots (worn)
 j - a +0 helmet (worn)
 o - a +2 kite shield (worn)
Jewellery
 f - a ring of fire
 k - a +4 ring of slaying
Scrolls
 c - a scroll of fog
 e - 3 scrolls of teleportation
 i - 3 scrolls of amnesia
Potions
 d - a potion of might
 g - a potion of haste
 l - 2 potions of magic {unknown}
 m - a potion of cancellation
 n - a potion of curing
 p - a potion of flight {unknown}


   Skills:
 + Level 3.4 Fighting
 + Level 3.2 Axes
 + Level 3.0 Armour
 + Level 0.2 Dodging
 + Level 0.1 Stealth
 + Level 3.5 Shields


You had 3 spell levels left.
You didn't know any spells.
Your spell library contained the following spells:

 Spells                   Type           Power      Damage    Failure   Level
 Animate Skeleton         Necr           0%         N/A       98%         1
 Apportation              Tloc           0%         N/A       98%         1
 Summon Small Mammal      Summ           0%         N/A       98%         1


Dungeon Overview and Level Annotations

Branches:
Dungeon (4/15)
 Temple: D:4-7

Altars:
Uskayaw
Lugonu

Shops:
D:2 *

Annotations:
D:4 2 transporters


Innate Abilities, Weirdness & Mutations

You regenerate magic rapidly.
A meltable shield of frost defends you. (SH +0)


Message History

You hear some strange, mumbled words.
A puff of flame appears from out of thin air!
You block the puff of flame.
You miss something. You block something's attack.
You barely miss something. Something hits you.
* * * LOW HITPOINT WARNING * * *
The orc throws a boomerang.
You block the boomerang.
You hear some strange, mumbled words.
A puff of flame appears from out of thin air!
The puff of flame hits you.
* * * LOW HITPOINT WARNING * * *
You closely miss something.
The orc throws a boomerang.
The boomerang hits you but does no damage.
Something hits you but does no damage.
You hit something.
You hear some strange, mumbled words.
Something tries to affect you, but you resist.
Something hits you.
* * * LOW HITPOINT WARNING * * *
You slash something! Lugonu accepts your kill.
Reactivating autopickup.
You feel a bit more experienced.
The orc throws a boomerang.
You block the boomerang.
Your Axes skill increases to level 3!
You slash the orc!
You kill the orc!
Lugonu accepts your kill. The orc hits you but does no damage.
You hit the orc.
The orc is severely wounded.
The orc hits you with a +0 hand axe.
* * * LOW HITPOINT WARNING * * *
You barely miss the orc.
The orc is severely wounded.
You block the orc's attack. The orc barely misses you.
You hit the orc.
The orc is almost dead.
The orc hits you with a +0 hand axe.
You die...

#.#8P.©.P8#.#
#.......#
#.#########.#
#.....©.....#
#####...#####
#####.### #.......#
#.......#
#....)..#########
:........oo@.......
###....##########..
#.... #.... #....
#.... ###


You could see 2 orcs.

Vanquished Creatures
  An iguana (D:4)
  An orc wizard (D:4)
  2 adders (D:3)
  2 worms (D:3)
  A dart slug (D:2)
  2 orcs (D:4)
  9 endoplasms
  A giant cockroach (D:1)
  2 goblins (D:2)
  4 hobgoblins
  3 quokkas (D:3)
  2 ball pythons
  6 bats
  A frilled lizard (D:1)
  3 kobolds
  11 rats
51 creatures vanquished.

Notes
Turn   | Place    | Note
-------+----------+-------------------------------------------
     0 | D:1      | Jortsu the Demonspawn Fighter began the quest for the Orb.
     0 | D:1      | Reached XP level 1. HP: 18/18 MP: 1/1
   353 | D:1      | Gained mutation: A meltable shield of frost defends you.
                  | (SH +0) [demonic ancestry]
   353 | D:1      | Reached XP level 2. HP: 24/24 MP: 2/2
  1087 | D:2      | Found Ujituwig's General Store.
  1134 | D:2      | You fall into a shaft and drop 1 floor!
  1390 | D:3      | Reached XP level 3. HP: 28/29 MP: 3/3
  1603 | D:3      | Found a faded altar of an unknown god.
  1620 | D:3      | Prayed at the altar of an unknown god.
  1620 | D:3      | Became a worshipper of Lugonu the Unformed
  1620 | D:3      | Reached * piety under Lugonu
  1620 | D:3      | Reached ** piety under Lugonu
  1993 | D:3      | Gained mutation: You regenerate magic rapidly. [demonic
                  | ancestry]
  1993 | D:3      | Reached XP level 4. HP: 30/35 MP: 4/4
  2124 | D:3      | Noticed a +0 spear
  2124 | D:3      | Noticed a +0 falchion
  2125 | D:3      | Noticed a +0 dagger
  2125 | D:3      | Noticed a +0 short sword
  2126 | D:3      | Noticed a +0 short sword
  2126 | D:3      | Noticed a +0 dagger
  2126 | D:3      | Noticed a +0 spear
  2127 | D:3      | Noticed a +0 falchion
  2128 | D:3      | Found a hide-covered altar of Uskayaw.
  2593 | D:4      | Found a transporter.
  2595 | D:4      | Noticed a kobold demonologist
  2612 | D:4      | Found a transporter.
  2650 | D:4      | Slain by an orc

Illustrated notes

Levels and vault maps discovered:
D:1:      dpeg_arrival_concentric_ovals, layout_basic, grunt_decor_fettered
D:2:      layout_rooms, serial_shops, nicolae_lakefront_shop
D:3:      layout_loops_cross, nicolae_uskayaw_en_pointe,
          shapermc_ecumenical_altar_totnotflames, roderic_serpentine_path,
          minmay_splitting_lines
D:4:      gammafunk_wand_slinger, layout_basic, minmay_temple_entry_nine_rooms,
          roderic_batcave, patterned_corridor, uniq_duvessa, uniq_sigmund,
          uniq_crazy_yiuf_cottage, uniq_eustachio

Skill      XL: |  1  2  3  4 |
---------------+-------------+-----
Axes           | 2 3 |  3.2
Armour         | 3 |  3.0
Shields        | 3 |  3.5
Fighting       | |  3.4
Dodging        | |  0.2
Stealth        | |  0.1

Action                   |  1- 3 |  4- 6 || total
-------------------------+-------+-------++-------
Melee: War axe           |   109 |    30 ||   139
  Use: Scroll            |     6 |     2 ||     8
Armor: Scale mail        |    45 |    12 ||    57
Dodge: Dodged            |    48 |     5 ||    53
Block: Buckler           |    44 |       ||    44
       Kite shield       |     8 |    20 ||    28

Table legend: (Time is in decaauts)
 A = Elapsed time spent in this place.
 B = Non-inter-level travel time spent in this place.
 C = Inter-level travel time spent in this place.
 D = Time resting spent in this place.
 E = Time spent auto-exploring this place.
 F = Levels seen in this place.
 G = Mean time per level.
                   A        B        C        D        E       F      G
               +--------+--------+--------+--------+--------+-----+--------+
         Total |   2714 |   2614 |    100 |      3 |   2112 |   4 |  678.5 |
       Dungeon |   2714 |   2614 |    100 |      3 |   2112 |   4 |  678.5 |
               +--------+--------+--------+--------+--------+-----+--------+

Top non-repeatable levels by time:
     D:3: 1167 daAuts
     D:1: 960 daAuts
     D:2: 425 daAuts
     D:4: 161 daAuts
